 Dungeon Crawl Stone Soup version 0.19-a0-1153-g63c3caf (webtiles) character file.

2672 AlphabetPasta the Ruffian (level 9, 0/65 HPs)
             Began as a Formicid Transmuter on Aug 13, 2016.
             Was an Initiate of Ru.
             Slain by an orc warrior
             ... wielding a cursed -2 trident
              (31 damage)
             ... on level 7 of the Dungeon.
             The game lasted 00:35:41 (8379 turns).

AlphabetPasta the Ruffian (Formicid Transmuter)     Turns: 8379, Time: 00:35:41

Health: 0/65       AC:  2    Str: 18    XL:     9   Next: 95%
Magic:  25/26      EV: 23    Int: 15    God:    Ru [......]
Gold:   204        SH:  0    Dex: 16    Spells: 4 memorised, 10 levels left

rFire  . . .     SeeInvis .       - Unarmed
rCold  . . .     Gourm    +     (armour currently unavailable)
rNeg   . . .     Faith    .     (shield currently unavailable)
rPois  .         Spirit   .     (helmet unavailable)
rElec  .         Dismiss  .     (cloak currently unavailable)
rCorr  .         Reflect  .     (gloves currently unavailable)
MR     .....     Harm     .     (boots currently unavailable)
Stlth  +.........               p - amulet of the gourmand
                                v - ring of magical power
                                q - ring of poison resistance

@: spider-form, repel missiles
A: permanent stasis, dig shafts and tunnels, four strong arms, (antennae 0),
strong 1
a: End Transformation, Renounce Religion


You were on level 7 of the Dungeon.
You worshipped Ru.
Ru was noncommittal.
You were completely stuffed.
You were a venomous arachnid creature.
You visited 2 branches of the dungeon, and saw 8 of its levels.

You collected 309 gold pieces.
You spent 105 gold pieces at shops.

Inventory:

Hand Weapons
 e - a +1 hunting sling
 D - a +0 greatsling
Missiles
 a - 104 arrows
 B - 38 sling bullets
Armour
 b - a +0 robe
 f - a +0 cloak (melded)
 o - a +0 pair of gloves (melded)
 w - the cursed +1 robe of Ujiyh (melded) {*Corrode +Blink Int+3 Slay+3}
   (You found it on level 5 of the Dungeon)

   It affects your intelligence (+3).
   It affects your accuracy and damage with ranged weapons and melee attacks
   (+3).
   It lets you blink.
   It may corrode you when you take damage.
   It has a curse placed upon it.
Jewellery
 p - an amulet of the gourmand (around neck)
 q - a ring of poison resistance (left front leg)
 v - a ring of magical power (right front leg)
Scrolls
 g - a scroll of fear
 n - a scroll of fog
 s - 2 scrolls of remove curse
 x - 4 scrolls of identify
 y - a scroll of magic mapping
Potions
 i - 3 potions of agility
 j - a potion of might
 k - 2 potions of flight
 r - a potion of invisibility
 u - 2 potions of heal wounds
 z - a potion of brilliance
Books
 c - a book of Changes

   Spells                             Type                      Level
   a - Beastly Appendage              Transmutation                1
   b - Sticks to Snakes               Transmutation                2
   c - Spider Form                    Transmutation/Poison         3
   d - Ice Form                       Ice/Transmutation            4
   e - Blade Hands                    Transmutation                5
 l - a book of Air

   Spells                             Type                      Level
   a - Shock                          Conjuration/Air              1
   b - Swiftness                      Charms/Air                   2
   c - Repel Missiles                 Charms/Air                   2
   d - Static Discharge               Conjuration/Air              3
   e - Lightning Bolt                 Conjuration/Air              5
 t - a book of Fire

   Spells                             Type                      Level
   a - Ignite Poison                  Fire/Transmutation/Poison    3
   b - Fireball                       Conjuration/Fire             5
   c - Bolt of Fire                   Conjuration/Fire             6
   d - Delayed Fireball               Conjuration/Fire             7
   e - Ring of Flames                 Charms/Fire                  7
Comestibles
 d - 5 bread rations
 h - 2 slices of pizza
 m - 3 meat rations
 A - a beef jerky
 C - 6 chunks of flesh


   Skills:
 - Level 4.1 Fighting
 + Level 2.5 Slings
 + Level 5.0 Dodging
 * Level 7.8 Unarmed Combat
 + Level 5.3 Spellcasting
 * Level 7.2 Transmutations


You had 10 spell levels left.
You knew the following spells:

 Your Spells              Type           Power        Failure   Level  Hunger
a - Beastly Appendage     Tmut           ####..       4%          1    None
b - Sticks to Snakes      Tmut           ####....     6%          2    #......
c - Spider Form           Tmut/Pois      ##........   32%         3    ###....
d - Repel Missiles        Chrm/Air       #.....       50%         2    #......


Dungeon Overview and Level Annotations

Branches:
Dungeon (7/15)             Temple (1/1) D:6

Altars:
Ashenzari
Cheibriados
Dithmenos
Elyvilon
Fedhas
Gozag
Hepliaklqana
Kikubaaqudgha
Makhleb
Nemelex Xobeh
Okawaru
Pakellas
Qazlal
Ru
Sif Muna
Trog
Uskayaw
Vehumet
Xom
Yredelemnul
Zin
The Shining One

Shops:
D:5 ?!   D:7 (

Annotations:
D:3 tijit's ghost, amateur DsTm


Innate Abilities, Weirdness & Mutations

You are under a permanent stasis effect.
You can dig through walls and to a lower floor.
Your four strong arms can wield two-handed weapons with a shield.
((You have a pair of large antennae on your head. (SInv)))
Your muscles are strong. (Str +2)


Message History

You kill the orc!
An orc priest comes into view. It is wielding a short sword of venom.
The orc priest shouts!
You bite the orc!
You kill the orc!
The orc completely misses you.
The orc warrior drinks a potion.
The orc warrior goes berserk!
Things that are here:
a dagger; a club; an orc corpse You completely miss the orc.
You barely miss the orc warrior. The orc warrior misses you.
You barely miss the orc warrior. The orc warrior barely misses you.
You hit the orc warrior but do no damage.
The orc warrior closely misses you.
You hit the orc warrior but do no damage.
The orc warrior is poisoned.
The orc warrior completely misses you.
You barely miss the orc warrior.
The orc warrior is lightly wounded.
The orc warrior hits you with a trident!!
You die...

#.....#*#...........#
#†.##.###.##.######.####
#...............##.#....
#...#.###.##.##...###.##
#.....###.##.#*###.#..#
##...........# *#.#÷##
#......###..# #.#)..
#......# *..# #,#..#
##....s#*#.##*****,#..#
##....oo.....,,,,,...#
##.###o.....,,,,,....
#.# *##....***,##.## #.#
**.#.* *,*#.# #.# *,#,*
*,*#.# #.# *,*,* *,**,*
#.* *,*,***,**,*
*,******,*,**,,,*{*


You could see an orc warrior (berserk), an orc priest and an orc.

Vanquished Creatures
  Grinder (D:5)
  Menkaure (D:5)
  A water moccasin (D:7)
  A sky beast (D:5)
  An orc warrior (D:6)
  2 ice beasts (D:5)
  A necrophage (D:7)
  3 ogres
  A black bear (D:6)
  A centaur (D:5)
  2 giant frogs (D:7)
  A water moccasin zombie (D:7)
  A scorpion (D:7)
  A wyvern skeleton (D:7)
  A vampire bat (D:5)
  2 crimson imps
  2 giant frog zombies
  Crazy Yiuf (D:2)
  A jelly (D:5)
  8 orc wizards
  4 orc priests
  A hound (D:5)
  A giant frog skeleton (D:4)
  3 worker ants
  A hound zombie (D:6)
  2 hound skeletons
  2 worker ant zombies (D:5)
  14 adders
  2 shadow imps
  An ooze (D:4)
  A worm (D:2)
  3 fire bats (D:5)
  3 giant geckos
  30 orcs
  2 spectral bats (D:5)
  3 bat skeletons (D:5)
  A bat zombie (D:5)
  2 giant cockroaches
  5 goblins
  5 hobgoblins
  7 jackals
  7 ball pythons
  14 bats
  A bat simulacrum (D:5)
  6 giant newts
  3 kobolds
  9 rats
166 creatures vanquished.

Notes
Turn   | Place    | Note
-------+----------+-------------------------------------------
     0 | D:1      | AlphabetPasta the Formicid Transmuter began the quest for the Orb.
     0 | D:1      | Reached XP level 1. HP: 15/15 MP: 3/3
   117 | D:1      | Reached XP level 2. HP: 10/21 MP: 5/5
   124 | D:1      | Learned a level 2 spell: Sticks to Snakes
   830 | D:1      | Reached XP level 3. HP: 18/26 MP: 6/6
   992 | D:2      | Found an oddly glowing altar of Pakellas.
  1323 | D:2      | Found a runed door.
  1331 | D:2      | Learned a level 3 spell: Spider Form
  1452 | D:2      | Noticed Crazy Yiuf
  1460 | D:2      | Killed Crazy Yiuf
  1460 | D:2      | Reached XP level 4. HP: 33/33 MP: 3/7
  2336 | D:3      | Noticed tijit's ghost (amateur DsTm)
  2386 | D:3      | Reached XP level 5. HP: 33/38 MP: 1/9
  3093 | D:3      | Found a sparkling altar of Nemelex Xobeh.
  3351 | D:4      | Reached XP level 6. HP: 31/44 MP: 4/10
  3588 | D:4      | Noticed an ogre
  3621 | D:4      | Killed an ogre
  4078 | D:4      | Reached XP level 7. HP: 36/51 MP: 12/12
  4260 | D:4      | Reached skill level 5 in Unarmed Combat
  4953 | D:5      | Entered Level 5 of the Dungeon
  5186 | D:5      | Reached XP level 8. HP: 58/58 MP: 13/13
  5222 | D:5      | Found Wuseh's Distillery.
  5237 | D:5      | Bought a potion of mutation for 25 gold pieces
  5237 | D:5      | Bought a potion of brilliance for 40 gold pieces
  5444 | D:5      | Noticed Grinder
  5464 | D:5      | Killed Grinder
  5464 | D:5      | Reached skill level 5 in Transmutations
  5960 | D:5      | Got a brightly glowing robe
  5976 | D:5      | Identified the cursed +1 robe of Ujiyh {*Corrode +Blink Int+3 Slay+3} (You found it on level 5 of the Dungeon)
  5998 | D:5      | Found Upiavaj's Magic Scroll Shoppe.
  6009 | D:5      | Bought a scroll of identify for 20 gold pieces
  6009 | D:5      | Bought a scroll of identify for 20 gold pieces
  6045 | D:5      | Gained mutation: Your muscles are strong. (Str +2) [potion of beneficial mutation]
  6069 | D:5      | Noticed Menkaure
  6079 | D:5      | Killed Menkaure
  6079 | D:5      | Reached XP level 9. HP: 28/65 MP: 16/16
  6308 | D:5      | Found a basalt altar of Yredelemnul.
  6308 | D:5      | Found a bloodstained altar of Trog.
  6308 | D:5      | Found a sparkling altar of Nemelex Xobeh.
  6840 | D:5      | Reached skill level 5 in Spellcasting
  7260 | D:6      | Reached skill level 1 in Slings
  7299 | D:6      | Noticed an angel
  7300 | D:6      | Found a shimmering altar of Xom.
  7300 | D:6      | Found a glowing silver altar of Zin.
  7393 | D:6      | Found a staircase to the Ecumenical Temple.
  7461 | Temple   | Entered the Ecumenical Temple
  7578 | Temple   | Became a worshipper of Ru the Awakened
  7906 | D:7      | Found an oddly glowing altar of Pakellas.
  8039 | D:7      | Learned a level 3 spell: Spider Form
  8042 | D:7      | Learned a level 2 spell: Repel Missiles
  8051 | D:7      | Found Cexe's Weapon Shop.
  8186 | D:7      | Reached skill level 5 in Dodging
  8379 | D:7      | Slain by an orc warrior

Vault maps used:
D:1:      evilmike_arrival_hilbert_curve
D:2:      grunt_pakellas_salt, uniq_crazy_yiuf_cottage
D:3:      portal_sewer_entry_e, first_bread, nemelex_spade_bored_becter
D:4:      minmay_snake_closets
D:5:      gammafunk_temple_overflow_forgotten, serial_shops,
          nicolae_shop_waterfront, shop, corexii_corridor_pit, goddamned_bats,
          uniq_menkaure, uniq_grinder
D:6:      grunt_temple_overflow_order_and_chaos_1
D:7:      kennysheep_mini, serial_shops, shop, grunt_ministairs_5, sigmund_army
Temple:   eino_temple_rhombus

Skill      XL: |  1  2  3  4  5  6  7  8  9 |
---------------+----------------------------+-----
Dodging        | 2 3 4 5 |  5.0
Transmutations | 3 4 5 7 |  7.2
Unarmed Combat | 4 5 6 7 |  7.8
Fighting       | 2 3 4 |  4.1
Spellcasting   | 3 4 5 |  5.3
Slings         | 2 |  2.5

Action                   |  1- 3 |  4- 6 |  7- 9 || total
-------------------------+-------+-------+-------++-------
Melee: Unarmed           |    90 |   192 |   398 ||   680
       Kick              |     4 |    14 |    37 ||    55
       Punch             |       |     2 |     6 ||     8
 Cast: Beastly Appendage |     3 |     5 |    20 ||    28
       Spider Form       |     1 |     4 |    12 ||    17
       Repel Missiles    |       |       |     1 ||     1
  Use: Scroll            |       |     8 |    10 ||    18
       Potion            |       |       |     2 ||     2
 Stab: Sleeping          |     1 |       |     1 ||     2
       Distracted        |       |       |     1 ||     1
  Eat: Chunk             |     2 |    27 |    16 ||    45
Armor: Robe              |    28 |    37 |    70 ||   135
       Skin              |       |     3 |     8 ||    11
Dodge: Dodged            |    62 |    96 |   292 ||   450
